 Dungeon Crawl Stone Soup version 0.31-a0-233-g139696dc86 (webtiles) character file.

Game seed: 8287360748567030389

49 qw the Shooter (level 3, -3/21 HPs)
             Began as a Gargoyle Hexslinger on July 7, 2023.
             Slain by a goblin
             ... wielding a +0 dagger
             ... led by Robin
              (5 damage)
             ... on level 2 of the Dungeon.
             The game lasted 00:00:36 (1144 turns).

qw the Shooter (Gargoyle Hexslinger)                Turns: 1144, Time: 00:00:37

Health: -3/21      AC:  6    Str: 11    XL:     3   Next: 75%
Magic:  4/4        EV: 11    Int: 13    God:
Gold:   46         SH:  0    Dex: 14    Spells: 3/4 levels left

rFire   . . .        Y - +1 sling
rCold   . . .        (no shield)
rNeg    + . .        j - +0 leather armour
rPois   inf          (no helmet)
rElec   +            (no cloak)
rCorr   .            (no gloves)
SInv    .            (no boots)
Will    .....        (no amulet)
Stlth   +            (no ring)
HPRegen 0.23/turn    (no ring)
MPRegen 0.09/turn

%: no passive effects
@: no status effects
A: sickness immunity, AC +3, negative energy resistance 1, electricity
resistance, torment resistance 1, petrification resistance
a: no special abilities


You were on level 2 of the Dungeon.
You visited 1 branch of the dungeon, and saw 2 of its levels.

You collected 222 gold pieces.
You spent 176 gold pieces at shops.


Innate Abilities, Weirdness & Mutations

You are immune to sickness and miasma.
Your stone body is resilient. (AC +3)
You are immune to poison.
You resist negative energy. (rN+)
You are resistant to electric shocks. (rElec)
You are resistant to unholy torment.
You are immune to petrification.


   Skills:
 - Level 2.0 Fighting
 + Level 3.6 Ranged Weapons
 - Level 1.5 Dodging
 - Level 1.0 Spellcasting
 - Level 2.6 Hexes


You had 3 spell levels left.
You knew the following spells:

 Your Spells              Type           Power      Damage    Failure   Level
a - Slow                  Hex            28%        N/A       12%         1

Your spell library contained the following spells:

 Spells                   Type           Power      Damage    Failure   Level
 Inner Flame              Hex/Fire       4%         N/A       54%         3
 Portal Projectile        Hex/Tloc       8%         N/A       54%         3
 Cause Fear               Hex            3%         N/A       77%         4

Inventory:

Hand Weapons
 Y - a +1 sling (weapon)
Armour
 j - a +0 leather armour (worn)
Scrolls
 a - a scroll of fog {unknown}
 b - a scroll of amnesia {unknown}
 c - a scroll of revelation {unknown}
 d - 4 scrolls of identify
Potions
 f - a potion of degeneration {unknown}
 h - a potion of curing
 i - a potion of haste

Dungeon Overview and Level Annotations

Branches:
Dungeon (2/15)

Altars:

Shops:
D:1 (*::?

Annotations:
D:2 Robin


Message History

The goblin closely misses you.
The hobgoblin hits you but does no damage.
Robin roars a battlecry!
The goblins go into a battle-frenzy!
You shoot a sling bullet.
The sling bullet hits the hobgoblin but does no damage.
The hobgoblin no longer looks unusually strong. x2
The goblin closely misses you. The kobold barely misses you.
The goblin hits you but does no damage. The hobgoblin barely misses you.
The hobgoblin hits you but does no damage.
The goblin hits you but does no damage. The kobold hits you but does no damage.
Robin roars a battlecry!
The hobgoblin goes into a battle-frenzy!
The goblin barely misses you.
You shoot a sling bullet.
The sling bullet closely misses the hobgoblin.
The goblin hits you but does no damage. The kobold hits you with a +0 whip.
The goblin closely misses you. The hobgoblin barely misses you.
You shoot a sling bullet.
The sling bullet closely misses the hobgoblin.
The goblin closely misses you. The kobold closely misses you.
The goblin hits you but does no damage. The hobgoblin closely misses you.
Robin roars a battlecry!
The hobgoblin goes into a battle-frenzy!
You shoot a sling bullet.
The sling bullet closely misses the hobgoblin.
The goblin closely misses you. The kobold barely misses you.
The goblin hits you but does no damage. The hobgoblin barely misses you.
You shoot a sling bullet. The sling bullet hits the hobgoblin.
You kill the hobgoblin!
The goblin barely misses you. Robin throws the goblin at you!
The kobold closely misses you.
The goblin hits you but does no damage. x2
The kobold hits you but does no damage. The goblin hits you but does no damage.
Robin roars a battlecry!
The goblin goes into a battle-frenzy!
The goblin hits you but does no damage.
You shoot a sling bullet.
The sling bullet closely misses the goblin.
The goblin hits you with a +0 dagger.
You die...

..... . ... #
.. ... ##g
...###... ...
#.....#.##.#
.....g...##..
#..g...gKg.
#g#.# ##@#.##
.


#Kggg.# .. ####..g..##... #............ #.##.....###. #.##.....# #.####..##
#.####..# #.......# You could see Robin, a hobgoblin (strong), 5 goblins and a
kobold.

Vanquished Creatures
  4 dart slugs
  3 ball pythons
  2 bats (D:1)
  2 endoplasms (D:1)
  A giant cockroach (D:2)
  8 goblins
  2 hobgoblins
  4 jackals (D:1)
  A quokka (D:1)
  3 frilled lizards
  3 kobolds
  4 rats (D:1)
37 creatures vanquished.

Notes
Turn   | Place    | Note
-------+----------+-------------------------------------------
     0 | D:1      | qw the Gargoyle Hexslinger began the quest for the Orb.
     0 | D:1      | Reached XP level 1. HP: 12/12 MP: 2/2
     0 | D:1      | 0 ||| qw: Version: 0.3-a-46-gb1f654a
     0 | D:1      | 0 ||| qw: Game counter: 3028
     0 | D:1      | 0 ||| qw: Melee chars always use a shield: true
     0 | D:1      | 0 ||| qw: God list: Okawaru
     0 | D:1      | 0 ||| qw: Allow faded altars: false
     0 | D:1      | 0 ||| qw: Do Orc after clearing Dungeon:15 true
     0 | D:1      | 0 ||| qw: Do second Lair branch before Depths: true
     0 | D:1      | 0 ||| qw: Lair rune preference: random
     0 | D:1      | 0 ||| qw: Goals: Normal
     0 | D:1      | 0 ||| PLANNING D:1-11
    10 | D:1      | Found Ypsoa's Antique Weapon Shoppe.
    53 | D:1      | 53 ||| SHOPLISTING crystal sling (149 gold, have 0).
   104 | D:1      | Reached XP level 2. HP: 12/16 MP: 3/3
   185 | D:1      | Reached skill level 3 in Ranged Weapons
   201 | D:1      | 201 ||| FLEEEEING.
   289 | D:1      | Found Muoral's Magic Scroll Shoppe.
   291 | D:1      | Found Neps's Book Shoppe.
   338 | D:1      | 338 ||| SHOPLISTING scroll of enchant armour (97 gold, have
                  | 36).
   338 | D:1      | 338 ||| BUYING scroll of identify (26 gold).
   338 | D:1      | Bought a scroll of identify for 26 gold pieces
   338 | D:1      | 338 ||| SHOPLISTING scroll of identify (26 gold, have 10).
   391 | D:1      | Found Tuwiv's Book Boutique.
   561 | D:1      | Found Tinun's General Store.
   566 | D:1      | 566 ||| BUYING potion of curing (30 gold).
   566 | D:1      | Bought a potion of curing for 30 gold pieces
   566 | D:1      | 566 ||| BUYING potion of haste (100 gold).
   566 | D:1      | Bought a potion of haste for 100 gold pieces
   566 | D:1      | 566 ||| SHOPLISTING scroll of enchant armour (75 gold, have
                  | 32).
   566 | D:1      | 566 ||| BUYING scroll of identify (20 gold).
   566 | D:1      | Bought a scroll of identify for 20 gold pieces
   566 | D:1      | 566 ||| SHOPLISTING scroll of teleportation (30 gold, have
                  | 12).
   664 | D:1      | Reached XP level 3. HP: 21/21 MP: 4/4
   685 | D:1      | 685 ||| FLEEEEING.
   811 | D:1      | 811 ||| UPGRADING to +0 leather armour.
   821 | D:1      | 821 ||| DROPPING +0 robe.
   822 | D:1      | 822 ||| READING 3 scrolls labelled BOAMUSHR SIWKOU.
   823 | D:1      | 823 ||| DRINKING 2 glowing coppery potions.
   824 | D:1      | 824 ||| DRINKING 2 fuming blue potions.
   857 | D:1      | 857 ||| READING 3 scrolls of identify.
   857 | D:1      | 857 ||| IDENTIFYING coppery potion
   858 | D:1      | 858 ||| DROPPING 2 scrolls of noise.
   859 | D:1      | 859 ||| DROPPING scroll of poison.
   860 | D:1      | 860 ||| DROPPING potion of brilliance.
   861 | D:1      | 861 ||| DROPPING potion of lignification.
  1112 | D:2      | Noticed Robin
  1115 | D:2      | 1115 ||| Stepping ~*~*~tactically~*~*~ (outnumbered).
  1132 | D:2      | HP: 5/21 [goblin/+0 dagger[Robin] (2)]
  1133 | D:2      | 1133 ||| DRINKING potion of heal wounds.
  1138 | D:2      | HP: 4/21 [kobold/+0 whip (3)]
  1140 | D:2      | HP: 1/21 [kobold/+0 whip (4)]
  1144 | D:2      | Slain by a goblin

Levels and vault maps discovered:
D:1:      wander_arrival_desolate, layout_basic, serial_shops, shop, shop,
          nicolae_shop_rolling_square, shop_coins, shop, minmay_octomino_e4
D:2:      layout_loops_ring, basic_altar, uniq_jessica, uniq_robin

Skill      XL: |  1  2 |
---------------+-------+-----
Ranged Weapons | 3 |  3.6
Fighting       | 2 |  2.0
Dodging        | |  1.5
Spellcasting   | |  1.0
Hexes          | |  2.6

Action                     || total
---------------------------++-------
   Fire: Sling             ||   148
    Use: Potion            ||     3
         Scroll            ||     2
 Armour: Robe              ||    23
         Leather armour    ||    42
  Dodge: Dodged            ||    89

Table legend:
 A = Non-vault XP
 B = Vault XP
 C = Vault XP percentage of total XP
 D = Non-vault monster count
 E = Vault monster count
 F = Vault count percentage of total count
                 A         B        C        D         E       F
            +---------+---------+-------+---------+---------+-------
      Total |      49 |      21 |  30.0 |      27 |      10 |  27.0
            +---------+---------+-------+---------+---------+-------
        D:1 |      36 |       9 |  20.0 |      20 |       4 |  16.7
        D:2 |      13 |      12 |  48.0 |       7 |       6 |  46.2
            +---------+---------+-------+---------+---------+-------
